 Dungeon Crawl Stone Soup version 0.14-a0-181-gf6fe0c6 (webtiles) character file.

168 Malachi the Grave Robber (level 4, -3/33 HPs)
             Began as a Ghoul Necromancer on Oct 6, 2013.
             Slain by a centaur (6 damage)
             ... on Level 2 of the Dungeon.
             The game lasted 00:06:10 (2061 turns).

Malachi the Grave Robber (Ghoul Necromancer)        Turns: 2061, Time: 00:06:10

HP  -3/33        AC  2     Str 11      XL: 4   Next: 46%
MP   0/6         EV 12     Int 11      God:
Gold 84          SH  0     Dex  9      Spells:  2 memorised,  1 level left

Res.Fire  : . . .   See Invis. : .   (no weapon)
Res.Cold  : + . .   Warding    : .   a - +0 robe
Life Prot.: + + +   Conserve   : .   (no shield)
Res.Poison: +       Res.Corr.  : .   (no helmet)
Res.Elec. : .       Clarity    : .   (no cloak)
Sust.Abil.: . .     Spirit.Shd : .   (no gloves)
Res.Mut.  : .       Stasis     : .   (no boots)
Res.Rott. : +       Flight     : .   (no amulet)
Saprovore : + + +                    (no ring)
                                     (no ring)

@: very slightly contaminated, rotting, slightly resistant to hostile
enchantments, fairly stealthy
A: rotting body, claws 1, carnivore 3, cold resistance 1, life protection 3,
poison resistance, saprovore 3, slow healing 1, torment resistance, unbreathing
a: no special abilities


You were on level 2 of the Dungeon.
You were not hungry.

You visited 1 branch of the dungeon, and saw 2 of its levels.

You collected 64 gold pieces.

Inventory:

Hand weapons
 f - a +0,+0 short sword
Armour
 a - a +0 robe (worn)
Comestibles
 k - a meat ration
Scrolls
 c - a scroll of noise {unknown}
 e - a scroll of enchant weapon II {unknown}
 h - 2 scrolls of identify {unknown}
 m - a scroll of enchant weapon I {unknown}
 n - a scroll of amnesia {unknown}
Potions
 d - a potion of agility {unknown}
Books
 b - a book of Necromancy

   Spells                             Type                      Level
   *Pain                              Necromancy                   1
   Animate Skeleton                   Necromancy                   1
   Lethal Infusion                    Charms/Necromancy            2
   *Vampiric Draining                 Necromancy                   3
   Regeneration                       Charms/Necromancy            3
   Animate Dead                       Necromancy                   4
   Control Undead                     Necromancy                   4


   Skills:
 + Level 0.4 Fighting
 + Level 2.4 Dodging
 + Level 2.3 Stealth
 + Level 0.9 Unarmed Combat
 + Level 1.3 Spellcasting
 * Level 5.0 Necromancy


You had one spell level left.
You knew the following spells:

 Your Spells              Type           Power        Failure   Level  Hunger
a - Pain                  Necr           ##..         4%          1    ##.....
b - Vampiric Draining     Necr           ##........   14%         3    ####...


Dungeon Overview and Level Annotations

Branches:
Dungeon (2/27)

Altars:
Cheibriados
Fedhas


Innate Abilities, Weirdness & Mutations

Your body is rotting away.
You have sharp fingernails.
You are carnivorous and can eat meat at any time.
Your flesh is cold resistant.
You are immune to negative energy.
Your system is resistant to poisons.
You thrive on rotten meat.
You heal slowly.
You are immune to unholy pain and torment.
You can survive without breathing.


Message History

You hit the centaur but do no damage.
The centaur is severely wounded.
The centaur closely misses you.
You hit the centaur but do no damage.
The centaur is severely wounded.
The centaur barely misses you. The centaur hits you.
* * * LOW HITPOINT WARNING * * *
You hit the centaur but do no damage.
The centaur is severely wounded.
The centaur barely misses you.
Casting: Vampiric Draining
Confirm with . or Enter, or press ? or * to list all spells.
Aiming: Pain
Press: ? - help, Shift-Dir - straight line, f/p - centaur
Aim: a centaur (severely wounded, bleeding)
You miscast Pain.
You are very lightly contaminated with residual magic.
You sense a malignant aura.
The centaur barely misses you. The centaur hits you.
You die...

#'#######...##+#$?$#
......##..### #...#
......'..## #...#
......##.+ #...#
......##.## #...#
......##..### #...#
#########...####...#
#..
###....##c##....#
####..@....#
#########


You could see a centaur (bleeding).

Vanquished Creatures
  3 adders
  A worm (D:2)
  2 giant geckos (D:1)
  An ooze (D:1)
  A bat zombie (D:2)
  5 giant cockroaches
  6 hobgoblins
  2 jackals (D:1)
  3 kobolds (D:1)
  8 bats
  3 giant newts (D:1)
  6 goblins
  6 rats
47 creatures vanquished.

Notes
Turn   | Place    | Note
--------------------------------------------------------------
     0 | D:1      | Malachi, the Ghoul Necromancer, began the quest for the Orb.
     0 | D:1      | Reached XP level 1. HP: 14/14 MP: 3/3
    77 | D:1      | Reached XP level 2. HP: 18/20 MP: 4/4
   668 | D:1      | Reached XP level 3. HP: 15/25 MP: 5/5
  1266 | D:2      | Reached XP level 4. HP: 27/33 MP: 1/6
  1318 | D:2      | Learned a level 3 spell: Vampiric Draining
  1485 | D:2      | Found a snail-covered altar of Cheibriados.
  1496 | D:2      | Found a blossoming altar of Fedhas.
  1598 | D:2      | Noticed a centaur
  1697 | D:1      | Reached skill level 5 in Necromancy
  2061 | D:2      | Slain by a centaur

Action                   |  1- 3 |  4- 6 || total
-------------------------+-------+-------++-------
Melee: Unarmed           |   102 |    65 ||   167
 Cast: Pain              |    38 |     5 ||    43
       Vampiric Draining |       |     8 ||     8
 Stab: Sleeping          |     4 |     1 ||     5
